Map: 匹昂台地

Players

aruodelon - Winner!

  • Race: Terran Terran
  • League: Gold

Quail

  • Race: Protoss Protoss
  • League: Diamond

VOD

Have the link to the VOD?

Description

Time

  • Played on: Dec. 5, 2015, 3:31 a.m.
  • Length: 9:49
Show
View Real Time Build Order
Export as new Build Order

aruodelon Terran - Winner!

Build Orders: Liberator Opening, Reaper Expand, MMM Bio 

Get SALT Encoding   

  12  0:01  SCV  
  13  0:13  SCV  
  14  0:18  Supply Depot  
  14  0:25  SCV  
  15  0:39  SCV  
  15  0:40  Barracks  
  16  0:45  Refinery  
  16  0:52  SCV  
  17  1:04  SCV  
  18  1:16  SCV  
  19  1:28  Orbital Command  
  19  1:30  Reaper  
  20  1:40  Command Center  
  20  1:54  SCV  
  20  1:58  Supply Depot  
  21  2:02  Barracks Reactor  
  21  2:03  Refinery  
  21  2:06  SCV  
  22  2:18  SCV  
  23  2:24  Factory  
  23  2:28  Barracks  
  23  2:30  SCV  
  24  2:40  Marine x2  
  24  2:42  SCV  
  27  2:53  Orbital Command  
  27  2:55  SCV  
  27  2:57  Marine x2  
  30  3:07  SCV  
  30  3:10  Factory Tech Lab  
  31  3:15  Marine x2  
  31  3:16  Starport  
  31  3:19  SCV x2  
  35  3:31  SCV  
  35  3:32  SCV  
  37  3:35  Supply Depot  
  37  3:39  Liberator  
  37  3:42  Cyclone  
  37  3:43  SCV, Marine x2  
  37  3:44  SCV  
  37  3:45  Marine  
  45  3:52  Engineering Bay  
  45  3:58  SCV x2  
  50  4:06  Supply Depot  
  50  4:10  SCV  
  50  4:13  Refinery  
  50  4:15  Supply Depot  
  51  4:18  SCV  
  51  4:23  SCV  
  53  4:24  Factory Tech Lab, Barracks  
  53  4:29  Stimpack  
  53  4:30  SCV  
  53  4:31  Marine x2  
  54  4:35  Supply Depot  
  56  4:40  SCV  
  56  4:41  Missile Turret  
  56  4:44  Missile Turret  
  57  4:48  SCV  
  57  4:52  SCV  
  59  4:53  Factory Reactor  
  59  4:55  Terran Infantry Weapons Level 1  
  59  4:57  Marine x2  
  61  5:00  SCV  
  61  5:01  Refinery  
  61  5:04  Supply Depot  
  61  5:06  SCV  
  63  5:13  SCV  
  64  5:18  SCV  
  64  5:19  Supply Depot, Marauder, Marine  
  68  5:25  SCV, Marine  
  68  5:26  Marauder  
  68  5:27  Combat Shields  
  72  5:34  SCV  
  73  5:36  Marine  
  73  5:37  Supply Depot  
  73  5:40  Marauder  
  73  5:41  SCV  
  77  5:43  Marine  
  77  5:45  Factory Reactor  
  77  5:47  Marauder  
  80  5:51  Barracks  
  80  5:54  Barracks, Marine  
  80  5:56  SCV  
  82  6:00  Medivac x2  
  82  6:01  Marauder  
  88  6:16  Marauder  
  88  6:18  Command Center  
  90  6:23  Marauder  
  92  6:26  Supply Depot  
  92  6:27  Supply Depot  
  92  6:29  Marine x2  
  92  6:30  Widow Mine  
  93  6:35  Concussive Shells  
  93  6:37  Marauder  
  95  6:44  Marauder  
  97  6:47  Marine, Medivac x2  
  97  6:49  Terran Infantry Armor Level 1  
  97  6:50  Barracks Tech Lab  
  97  6:51  Barracks Reactor  
  101  7:01  Engineering Bay  
  101  7:02  Supply Depot  
  101  7:03  Armory  
  101  7:05  Supply Depot  
  101  7:08  Marauder, Marine  
  104  7:12  Marauder  
  106  7:19  Marauder  
  108  7:28  Widow Mine, Medivac x2  
  108  7:29  Marauder  
  116  7:41  Marine  
  116  7:42  Marauder x2, Marine x2  
  123  7:50  Widow Mine  
  127  7:51  Marauder  
  127  7:56  Widow Mine  
  127  7:57  Missile Turret  
  129  7:59  SCV x2  
  129  8:03  Orbital Command  
  131  8:12  Missile Turret  
  131  8:13  Refinery x2  
  131  8:15  Marauder x2  
  131  8:16  Marauder, Marine  
  138  8:25  Marine  
  138  8:26  Marine  
  138  8:31  Marine  
  138  8:32  SCV  
  138  8:33  SCV  
  141  8:37  Marauder x3  
  147  8:41  Supply Depot  
  147  8:46  Supply Depot  
  147  8:57  Barracks  
  147  8:58  Marauder  
  147  8:59  Barracks  
  147  9:02  Barracks  
  149  9:03  SCV x3, Marauder  
  154  9:15  Marauder, Marine x2  
  158  9:17  Medivac x2  
  158  9:19  Marauder  
  158  9:22  Supply Depot  
  164  9:24  Supply Depot  
  164  9:25  SCV  
  164  9:30  Supply Depot, SCV  
Show
View Real Time Build Order
Export as new Build Order

Quail Protoss 

Build Orders: 1 Gate Expand 

Get SALT Encoding   

  12  0:01  Probe (Chrono Boost)  
  13  0:11  Probe (Chrono Boost)  
  14  0:17  Pylon  
  14  0:22  Probe (Chrono Boost)  
  16  0:35  Probe (Chrono Boost)  
  16  0:37  Gateway  
  16  0:43  Assimilator  
  16  0:46  Probe (Chrono Boost)  
  17  0:56  Probe (Chrono Boost)  
  18  1:17  Nexus  
  18  1:28  Cybernetics Core  
  18  1:32  Probe (Chrono Boost)  
  19  1:42  Probe (Chrono Boost)  
  19  1:45  Pylon  
  20  1:53  Probe (Chrono Boost)  
  21  2:03  Probe (Chrono Boost)  
  21  2:05  Assimilator  
  22  2:10  Adept  
  22  2:14  Mothership Core (Chrono Boost)  
  26  2:19  Warp Gate  
  26  2:29  Gateway  
  26  2:31  Probe (Chrono Boost)  
  26  2:32  Probe (Chrono Boost)  
  28  2:42  Probe (Chrono Boost)  
  29  2:46  Pylon  
  29  2:48  Probe (Chrono Boost)  
  30  2:52  Probe (Chrono Boost)  
  30  2:58  Probe (Chrono Boost)  
  32  2:59  Adept  
  32  3:03  Probe (Chrono Boost)  
  35  3:09  Probe (Chrono Boost)  
  36  3:13  Probe (Chrono Boost)  
  36  3:18  Robotics Facility  
  36  3:19  Probe (Chrono Boost)  
  38  3:24  Probe (Chrono Boost)  
  38  3:26  Adept  
  41  3:36  Probe x2 (Chrono Boost)  
  41  3:43  Gateway  
  41  3:45  Adept  
  43  3:50  Twilight Council  
  43  3:51  Probe (Chrono Boost)  
  43  3:52  Probe (Chrono Boost)  
  45  4:02  Probe x2 (Chrono Boost)  
  47  4:06  Observer (Chrono Boost)  
  48  4:11  Probe  
  48  4:13  Probe  
  48  4:14  Pylon  
  48  4:16  Gateway  
  50  4:18  Assimilator  
  50  4:25  Observer (Chrono Boost)  
  50  4:29  Pylon  
  51  4:35  Forge  
  51  4:37  Probe  
  51  4:38  Pylon  
  51  4:39  Probe  
  51  4:44  Immortal (Chrono Boost)  
  51  4:45  Resonating Glaives, Assimilator  
  57  5:00  Nexus  
  57  5:10  Protoss Ground Weapons Level 1  
  57  5:15  Adept  
  57  5:18  Warp Prism (Chrono Boost)  
  61  5:27  Gateway  
  57  5:33  Photon Cannon  
  54  5:37  Stalker x2  
  58  5:45  Probe  
  58  5:46  Probe  
  60  5:51  Pylon  
  60  5:58  Probe x2  
  62  6:05  Stalker  
  62  6:08  Stalker, Probe  
  62  6:10  Probe  
  68  6:14  Photon Cannon  
  68  6:25  Probe  
  68  6:27  Probe  
  68  6:28  Stalker x2  
  72  6:48  Stargate  
  72  6:51  Blink (Chrono Boost)  
  72  6:52  Adept, Stargate  
  74  6:55  Probe x3  
  77  7:03  Observer  
  77  7:06  Protoss Ground Weapons Level 2  
  78  7:14  Pylon  
  78  7:21  Adept  
  78  7:22  Adept x3  
  85  7:29  Pylon  
  83  7:34  Templar Archives  
  83  7:42  Sentry  
  85  7:47  Fleet Beacon  
  85  7:57  Stalker x2  
  89  8:00  Adept x2  
  89  8:04  Psionic Storm  
  93  8:09  Pylon  
  87  8:30  Adept x4  
  95  8:36  High Templar  
  97  8:46  Nexus  
  97  8:53  Pylon  
  97  8:54  High Templar  
  98  9:05  High Templar  
  98  9:07  Adept  
  102  9:15  Adept  
  100  9:35  Pylon  
  100  9:36  Pylon  
  78  9:40  Adept x5  
Tags
 
Add a new tag
Caveats
  • Supply blocks, unpowered buildings, or Contaminate may cause inaccurate times.
  • Supply counts are checked every 10 seconds.